 Dungeon Crawl Stone Soup version 0.29-a0-563-g64e4043184 (webtiles) character file.

Game seed: 15813049719031450821

19 DocClef the Covert (level 2, 0/29 HPs)
             Began as a Gnoll Delver on June 11, 2022.
             Slain by a giant cockroach (1 damage)
             ... on level 4 of the Dungeon.
             The game lasted 00:00:41 (165 turns).

DocClef the Covert (Gnoll Delver)                    Turns: 165, Time: 00:00:42

Health: 0/29       AC:  3    Str: 11    XL:     2   Next: 75%
Magic:  2/2        EV: 13    Int:  9    God:
Gold:   19         SH:  0    Dex: 13    Spells: 2/2 levels left

rFire   . . .      SeeInvis .   a - +0 short sword
rCold   . . .      Faith    .   (no shield)
rNeg    . . .      Spirit   .   b - +0 leather armour
rPois   .          Reflect  .   (no helmet)
rElec   .          Harm     .   (no cloak)
rCorr   .          Rampage  .   (no gloves)
Will    .....                   (no boots)
Stlth   ++........              (no amulet)
HPRegen 0.09/turn               (no ring)
MPRegen 0.08/turn               (no ring)

@: very slow
A: fangs 1, strong nose, distributed training
a: no special abilities


You were on level 4 of the Dungeon.
You visited 1 branch of the dungeon, and saw 2 of its levels.

You collected 19 gold pieces.

Inventory:

Hand Weapons
 a - a +0 short sword (weapon)
Armour
 b - a +0 leather armour (worn)
Wands
 g - a wand of digging (3)
Scrolls
 c - a scroll of fog
 d - a scroll of identify {unknown}
 e - a scroll of fear
 h - a scroll of poison {unknown}
 i - a scroll of immolation {unknown}
Potions
 f - a potion of haste


   Skills:
 + Level 6.5 Fighting
 + Level 4.5 Short Blades
 + Level 0.5 Long Blades
 + Level 0.5 Axes
 + Level 0.5 Maces & Flails
 + Level 0.5 Polearms
 + Level 0.5 Staves
 + Level 0.5 Slings
 + Level 0.5 Bows
 + Level 0.5 Crossbows
 + Level 0.5 Throwing
 + Level 0.5 Armour
 + Level 4.5 Dodging
 + Level 9.5 Stealth
 + Level 0.5 Shields
 + Level 0.5 Unarmed Combat
 + Level 0.5 Spellcasting
 + Level 0.3 Conjurations
 + Level 0.3 Hexes
 + Level 0.3 Summonings
 + Level 0.3 Necromancy
 + Level 0.3 Translocations
 + Level 0.3 Transmutations
 + Level 0.3 Fire Magic
 + Level 0.3 Ice Magic
 + Level 0.3 Air Magic
 + Level 0.3 Earth Magic
 + Level 0.3 Poison Magic
 + Level 0.6 Invocations
 + Level 0.5 Evocations


You had 2 spell levels left.
You didn't know any spells.
Your spell library was empty.

Dungeon Overview and Level Annotations

Branches:
Dungeon (5/15)
 Temple: D:4-7

Altars:

Shops:
D:4 *:

Portals:
Sewer: D:4


Innate Abilities, Weirdness & Mutations

You have very sharp teeth.
Your uncanny sense of smell can sniff out nearby items.
Your experience applies equally to all skills.


Message History

* * * LOW HITPOINT WARNING * * *
The giant cockroach misses you.
The giant cockroach completely misses you.
You hit the giant cockroach.
You kill the giant cockroach!
You feel sick. The giant cockroach bites you.
* * * LOW HITPOINT WARNING * * *
The giant cockroach completely misses you.
You enter the shallow water.
Moving in this stuff is going to be slow.
* * * LOW HITPOINT WARNING * * *
You feel sick.
You are no longer poisoned.
The giant cockroach bites you but does no damage.
The giant cockroach splashes around in the water.
You see here a giant cockroach corpse.
The giant cockroach bites you but does no damage.
The giant cockroach barely misses you.
The giant cockroach waves its antennae.
The giant cockroach barely misses you.
There is a glowing drain here.
You enter the shallow water.
Moving in this stuff is going to be slow.
You hit the giant cockroach.
The giant cockroach is severely wounded.
The giant cockroach barely misses you.
You hit the giant cockroach.
You kill the giant cockroach!
The giant cockroach barely misses you.
The giant cockroach bites you but does no damage.
The giant cockroach misses you.
There is a glowing drain here.
You see here a giant cockroach corpse.
You enter the shallow water.
Moving in this stuff is going to be slow.
The giant cockroach closely misses you. The giant cockroach bites you.
* * * LOW HITPOINT WARNING * * *
Unknown command.
You closely miss the giant cockroach. The giant cockroach bites you.
You die...

*,* *,* ##.######*,* *,* *,*
#)....[.#*,* *,* #.*
#.......#*,* *,* #.*
#####..#'#..#*,* *,*
#.###......'∩+..#*,* *,*
#........).#+#..#*,* *,*
#/##†##.........#*,* *,*
#.#≈†≈#.##......#*,*
*,*******####.#≈@≈#.##....†.#*,*
*,,,,,,,,.....#≈∩B#.##......#*,*
*********####.#≈≈≈#.######'##*,*
#.#≈≈≈#.# #..#*,* #.#####.#
##.##+## *#.......#######......
#........#.....#......
#.......##....#.#.....
****#.......##...#...#.+##


You could see a giant cockroach.

Vanquished Creatures
  An adder (D:4)
  An endoplasm (D:4)
  3 giant cockroaches (D:4)
  2 hobgoblins (D:4)
  A quokka (D:4)
  A kobold (D:4)
9 creatures vanquished.

Notes
Turn   | Place    | Note
-------+----------+-------------------------------------------
     0 | D:5      | Reached skill level 9 in Stealth
     0 | D:5      | DocClef the Gnoll Delver began the quest for the Orb.
     0 | D:5      | Reached XP level 1. HP: 23/23 MP: 1/1
    77 | D:5      | Noticed a phantom
    91 | D:4      | Found Huoriot's Book Emporium.
   119 | D:4      | Found a glowing drain.
   121 | D:4      | Found Qogoh's Assorted Antiques.
   127 | D:4      | Reached XP level 2. HP: 29/29 MP: 2/2
   157 | D:4      | HP: 1/29 [poisoned by an adder]
   164 | D:4      | HP: 1/29 [giant cockroach (1)]
   165 | D:4      | Slain by a giant cockroach

Illustrated notes

Levels and vault maps discovered:
D:4:      layout_basic, serial_shops, kennysheep_mini_moat,
          nicolae_diamond_shop, gup_sewer_entry_glass, moated_statue
D:5:      layout_basic, chei_slow_surprise, sigmund_edmund_badplayer, uniq_pikel

Skill      XL: | |
---------------+-+-----
Stealth        | |  9.5
Fighting       | |  6.5
Short Blades   | |  4.5
Long Blades    | |  0.5
Axes           | |  0.5
Maces & Flails | |  0.5
Polearms       | |  0.5
Staves         | |  0.5
Slings         | |  0.5
Bows           | |  0.5
Crossbows      | |  0.5
Throwing       | |  0.5
Armour         | |  0.5
Dodging        | |  4.5
Shields        | |  0.5
Unarmed Combat | |  0.5
Spellcasting   | |  0.5
Conjurations   | |  0.3
Hexes          | |  0.3
Summonings     | |  0.3
Necromancy     | |  0.3
Translocations | |  0.3
Transmutations | |  0.3
Fire Magic     | |  0.3
Ice Magic      | |  0.3
Air Magic      | |  0.3
Earth Magic    | |  0.3
Poison Magic   | |  0.3
Invocations    | |  0.6
Evocations     | |  0.5

Action                   || total
-------------------------++-------
Melee: Short sword       ||    29
       Bite              ||     2
  Use: Scroll            ||     1
 Stab: Sleeping          ||     5
Armor: Leather armour    ||     6
Dodge: Dodged            ||    25

Table legend: (Time is in decaauts)
 A = Elapsed time spent in this place.
 B = Non-inter-level travel time spent in this place.
 C = Inter-level travel time spent in this place.
 D = Time resting spent in this place.
 E = Time spent auto-exploring this place.
 F = Levels seen in this place.
 G = Mean time per level.
                   A        B        C        D        E       F      G
               +--------+--------+--------+--------+--------+-----+--------+
         Total |    163 |    163 |      0 |      0 |     82 |   2 |   81.5 |
       Dungeon |    163 |    163 |      0 |      0 |     82 |   2 |   81.5 |
               +--------+--------+--------+--------+--------+-----+--------+

Top non-repeatable levels by time:
     D:5: 91 daAuts
     D:4: 72 daAuts
